 Dungeon Crawl Stone Soup version 0.31.0-32-g396128a36d (webtiles) character file.

Game seed: 17142721238274088391

160956 spaghetti the Merchant of Misery (level 17, -15/171 HPs)
             Began as a Naga Chaos Knight on Mar 25, 2024.
             Was a Believer of Kikubaaqudgha.
             Blown up by an orb spider (39 damage)
             ... with an orb of destruction
             ... on level 4 of the Spider Nest.
             The game lasted 00:43:18 (29954 turns).

spaghetti the Merchant of Misery (NaCK)            Turns: 29954, Time: 00:43:19

Health: -15/171    AC: 35    Str: 34    XL:     17   Next: 77%
Magic:  22/30      EV: 11    Int: 18    God:    Kikubaaqudgha [**....]
Gold:   1998       SH:  0    Dex: 17    Spells: 9/34 levels left

rFire   . . .        K - +2 quarterstaff (speed)
rCold   + + .        (shield currently unavailable)
rNeg    . . .        E - +3 chain mail "Tyxonnah" {rC+ Str+3 Int+6 Stlth+}
rPois   +            (helmet restricted)
rElec   .            k - +0 cloak
rCorr   .            I - +0 pair of gloves
SInv    +            m - +3 barding
Will    +++..        z - amulet of regeneration Stlth
                     e - +6 ring of strength
HPRegen 2.08/turn    g - +4 ring of slaying
MPRegen 0.22/turn

%: no passive effects
@: short of breath, death channelling, very slow
A: AC +5, large, see invisible, deformed body, poison resistance, slowness 2,
spit poison 2, naga tail 2, horns 2, stinger 2, iridescent scales 3, agile 2,
cold resistance 1, strong-willed 1, sense surroundings 1, regeneration 1, robust
1, shaggy fur 1, strong 2, wild magic 2
a: Breathe Poison Gas, Renounce Religion, Unearth Wretches


You were on level 4 of the Spider Nest.
You worshipped Kikubaaqudgha.
Kikubaaqudgha was pleased with you.
You visited 5 branches of the dungeon, and saw 27 of its levels.
You also visited: Sewer and Bailey.

You collected 3393 gold pieces.
You spent 1395 gold pieces at shops.

Inventory:

Hand Weapons
 c - a +0 eveningstar of freezing
 C - the +6 quarterstaff of Dim Light {flame, +Blink}
   (You found it on level 10 of the Dungeon)

   +Blink:    It lets you blink.
 K - a +2 quarterstaff of speed (weapon)
 L - the +5 quarterstaff of Trog's Esteem {flame, rCorr Str+5}
   (You found it on level 9 of the Dungeon)

   Str+5:     It affects your strength (+5).
   rCorr:     It protects you from acid and corrosion.
Missiles
 H - a throwing net
 M - 79 stones
Armour
 b - the +0 helmet "Hyam" {Rampage Will+ Str+2}
   (You found it in a bailey)

   Str+2:     It affects your strength (+2).
   Will+:     It increases your willpower.
   Rampage:   It bestows one free step when moving towards enemies.
 k - a +0 cloak (worn)
 m - a +3 barding (worn)
 E - the +3 chain mail "Tyxonnah" (worn) {rC+ Str+3 Int+6 Stlth+}
   (You took it off an orc warrior in a bailey)

   Str+3:     It affects your strength (+3).
   Int+6:     It affects your intelligence (+6).
   rC+:       It protects you from cold.
   Stlth+:    It makes you more stealthy.
 I - a +0 pair of gloves (worn)
 T - a +2 kite shield
Magical Staves
 q - a staff of death
Jewellery
 e - a +6 ring of strength (left hand)
 f - a ring of magical power
 g - a +4 ring of slaying (right hand)
 l - a ring of protection from cold
 v - a ring of wizardry
 z - an amulet of regeneration (around neck)
 A - a ring of wizardry
 O - a ring of flight
 P - an amulet of guardian spirit
Wands
 i - a wand of charming (43)
 r - a wand of digging (16)
 u - a wand of flame (75)
 x - a wand of roots (21)
 y - a wand of mindburst (10)
 D - a wand of acid (8)
Scrolls
 d - 11 scrolls of identify
 h - 4 scrolls of amnesia
 j - a scroll of brand weapon
 p - 7 scrolls of vulnerability
 s - 11 scrolls of teleportation
 t - 2 scrolls of poison
 F - 5 scrolls of enchant weapon
 N - 2 scrolls of immolation
 Q - 2 scrolls of fear
Potions
 a - 2 potions of attraction
 n - 4 potions of brilliance
 o - a potion of berserk rage {unknown}
 w - 5 potions of cancellation
 B - 3 potions of haste
 G - 4 potions of enlightenment
 J - a potion of resistance
 R - a potion of invisibility
 S - a potion of curing


   Skills:
 + Level 10.8 Fighting
 - Level 3.0(3.3) Polearms
 - Level 2.2(3.0) Staves
 + Level 10.6 Armour
 + Level 10.5 Dodging
 + Level 9.4 Spellcasting
 + Level 4.4 Hexes
 + Level 5.8 Summonings
 + Level 16.6 Necromancy
 - Level 7.1 Air Magic
 - Level 9.0 Evocations


You had 9 spell levels left.
You knew the following spells:

 Your Spells              Type           Power      Damage    Failure   Level
b - Death Channel         Necr           41%        N/A       10%         6
c - Dispel Undead         Necr           83%        3d27      1%          4
d - Martyr's Knell        Necr/Summ      68%        N/A       7%          4
e - Swiftness             Air            53%        N/A       10%         3
f - Summon Mana Viper     Hex/Summ       43%        N/A       77%         5
g - Fugue of the Fallen   Necr           83%        N/A       1%          3

Your spell library contained the following spells:

 Spells                   Type           Power      Damage    Failure   Level
 Sublimation of Blood     Necr           83%        N/A       1%          2
 Vampiric Draining        Necr           83%        2d11      1%          3
 Kiss of Death            Conj/Necr      100%       2d13      3%          1
 Curse of Agony           Necr           83%        N/A       3%          5
 Cigotuvi's Dreadful Rot  Necr/Alch/Air  100%       N/A       4%          2
 Call Imp                 Summ           94%        N/A       9%          2
 Slow                     Hex            100%       N/A       10%         1
 Call Canine Familiar     Summ           47%        N/A       14%         3
 Mercury Vapours          Alch/Air       68%        N/A       19%         2
 Confusing Touch          Hex            39%        N/A       22%         3
 Sigil of Binding         Hex            39%        N/A       22%         3
 Tukima's Dance           Hex            39%        N/A       22%         3
 Ensorcelled Hibernation  Hex/Ice        52%        N/A       28%         2
 Sandblast                Erth           26%        2d8       41%         1
 Sting                    Conj/Alch      52%        1d6       41%         1
 Mephitic Cloud           Conj/Alch/Air  27%        N/A       43%         3
 Dazzling Flash           Conj/Hex       52%        N/A       45%         3
 Silence                  Hex/Air        23%        N/A       69%         5
 Ozocubu's Armour         Ice            13%        N/A       73%         3
 Passwall                 Erth           13%        N/A       73%         3
 Stone Arrow              Conj/Erth      26%        3d8       73%         3
 Animate Armour           Summ/Erth      60%        N/A       73%         4
 Brom's Barrelling Bould  Conj/Erth      13%        2d4       98%         4
 Fulminant Prism          Conj/Alch      6%         3d7       98%         4
 Ignite Poison            Fire/Alch      13%        N/A       98%         4
 Olgreb's Toxic Radiance  Alch           13%        N/A       98%         4
 Metabolic Englaciation   Hex/Ice        13%        N/A       98%         5
 Summon Cactus Giant      Summ           23%        N/A       99%         6
 Iskenderun's Battlesphe  Conj           13%        2d7       100%        5
 Bombard                  Conj/Erth      6%         9d2       100%        6
 Conjure Ball Lightning   Conj/Air       17%        3x3d6     100%        6
 Sculpt Simulacrum        Ice/Alch       6%         N/A       100%        6
 Malign Gateway           Summ/Tloc      15%        N/A       100%        7
 Spellforged Servitor     Conj/Summ      15%        N/A       100%        7
 Discord                  Hex            19%        N/A       100%        8
 Disjunction              Tloc           6%         N/A       100%        8
 Chain Lightning          Conj/Air       17%        3d22      100%        9
 Fire Storm               Conj/Fire      6%         8d2       100%        9
 Shatter                  Erth           6%         3d9*      100%        9


Dungeon Overview and Level Annotations

Branches:
Dungeon (15/15)            Temple (1/1) D:7            Lair (5/5) D:10
 Shoals (0/4) Lair:3       Spider (4/4) Lair:2        Slime (0/5) Lair:5
    Orc (2/2) D:12            Elf (0/3) Orc:2        Vaults (0/5) D:14
 Depths (0/4) D:15          Sewer (visited)          Bailey (visited)

Altars:
Ashenzari
Cheibriados
Dithmenos
Elyvilon
Fedhas
Gozag
Hepliaklqana
Kikubaaqudgha
Makhleb
Nemelex Xobeh
Okawaru
Qazlal
Ru
Sif Muna
Trog
Uskayaw
Vehumet
Wu Jian
Xom
Yredelemnul
Zin
The Shining One

Shops:
D:4 *   D:6 *   D:12 ([   Orc:2 *((*

Annotations:
D:6 3 runed translucent doors, Almanac's ghost, novice DrBe
Lair:3 exclusion: oklob plant


Innate Abilities, Weirdness & Mutations

Your serpentine skin is tough. (AC +5)
You have supernaturally acute eyesight. (SInv)
Armour fits poorly on your strangely shaped body.
Your system is resistant to poisons. (rPois)
You cover ground very slowly.
You can exhale a cloud of poison.
You can use your snake-like lower body to constrict enemies.
You have a pair of horns on your head.
Your tail ends in a sharp venomous barb.
You are completely covered in iridescent scales. (AC +6)
You are very agile. (Dex +8, Str/Int -2)
Your flesh is cold resistant. (rC+)
You are strong-willed. (Will+)
You passively map a small area around you.
Your natural rate of healing is unusually fast.
You are robust. (+10% HP)
You are covered in fur. (AC +1)
Your muscles are very strong. (Str +8, Int/Dex -2)
Your spells are harder to cast, but more powerful.


Message History

The entropy weaver hits you but does no damage. x4
An orb of destruction comes into view.
Unknown command.
Unknown command.
Unknown command.
You thump the entropy weaver! Your grab misses the entropy weaver.
You headbutt the entropy weaver!
The entropy weaver is heavily wounded.
Your orb spider spins a strand of pure energy.
The orb spider pulsates with a strange energy.
The entropy weaver is engulfed in poison gas.
The entropy weaver looks as sick as possible!
The entropy weaver hits you but does no damage. x4
You hit the entropy weaver. Your grab misses the entropy weaver.
The entropy weaver is severely wounded.
A nearby broodmother perishes wretchedly.
The orb of destruction hits you!!!
* * * LOW HITPOINT WARNING * * *
Aiming: Mindburst
Press: ? - help, Shift-Dir - straight line, f - entropy weaver, p - orb spider
Aim: an entropy weaver (poison gas, severely wounded, extremely poisoned, ally target, chance to affect: 62%)
The entropy weaver's mind is blasted!!
The entropy weaver is engulfed in poison gas.
The entropy weaver looks as sick as possible!
The entropy weaver hits you but does no damage.
The entropy weaver hits you.
* * * LOW HITPOINT WARNING * * *
The entropy weaver hits you but does no damage.
The entropy weaver hits you!
* * * LOW HITPOINT WARNING * * *
Your spectral broodmother bites the entropy weaver!
The entropy weaver dies!
Kikubaaqudgha accepts your kill.
A glowing mist starts to gather...
The orb spider weaves a glowing orb of energy.
An orb of destruction comes into view.
The orb of destruction hits you!!!
You die...
Xom laughs nastily!
Kikubaaqudgha rasps: "You have failed me!
Welcome... death!"

^..^......+,,, , ,
#..........s...+ *
#^.............#*
*.....^.^^.....#
#.^.......Zs..
..........☼†# * ~ *
......^.^Z^# ,
##...^....○.# *
####........@.##
##^............#
#.........^..(.#
##.............#
##.#..........^# , ~
####^.............#* ~
#.##..<............,
...#.....^.......... *
* ~
...^..^.^......#....#*


You could see an orb spider (poisoned, ally target), a friendly spectral entropy
weaver, a friendly spectral broodmother and a friendly orb spider (charmed,
charged).

Vanquished Creatures
  Rupert (Orc:2)
  An emperor scorpion (Spider:4)
  A ghost moth (Spider:3)
  A dire elephant (D:15)
  A spark wasp (Spider:3)
  2 entropy weavers
  A fire dragon (Lair:5)
  An ice dragon (D:9)
  5 radroaches
  A catoblepas (D:13)
  2 hydras
  3 boulder beetles
  2 dancing weapons (D:14)
  2 centaur warriors
  4 two-headed ogres
  18 death yaks
  2 tengu warriors
  6 demonic crawlers
  3 orc high priests (Orc:2)
  3 skysharks (Lair:5)
  3 pharaoh ants
  5 skeletal warriors (D:11)
  3 sun moths
  A lindwurm (Lair:5)
  A swamp dragon (Lair:5)
  A harpy (Lair:3)
  5 orc knights
  3 steelbarb worms
  5 ugly things
  13 wolf spiders
  20 elephants
  4 orc sorcerers (Orc:2)
  4 manticores
  2 cyclopes
  2 moths of wrath
  Maurice (Orc:2)
  A meliai (D:15)
  8 black mambas
  3 kobold blastminers (Orc:2)
  12 cane toads
  A gargoyle (D:13)
  3 torpor snails
  Jeremiah (D:6)
  3 kobold demonologists
  7 komodo dragons
  2 rime drakes (Lair:5)
  Psyche (D:11)
  A tengu conjurer (D:13)
  3 trolls
  A nameless horror (Orc:2)
  17 blink frogs
  3 hornets
  A polar bear (shapeshifter) (D:13)
  8 tarantellas
  5 polar bears
  2 dream sheep (Lair:5)
  13 jumping spiders
  17 slime creatures
  A shadow (D:13)
  A wraith (D:12)
  9 culicivoras
  Sigmund (D:2)
  5 wyverns
  3 fire bats
  55 yaks
  A warg (Orc:2)
  7 basilisks
  Menkaure (D:7)
  25 redbacks
  3 steam dragons
  7 vampire mosquitoes
  4 acid dragons
  Duvessa (D:5)
  15 water moccasins
  A swamp drake (Lair:5)
  2 black bears
  11 orc warriors
  A sky beast (D:6)
  An ice beast (D:7)
  2 laughing skulls (D:15)
  4 ogres
  4 wolves
  9 centaurs
  A phantom (D:5)
  3 kobold brigands
  Blork the orc (D:5)
  12 bullfrogs
  3 gnoll sergeants
  A water moccasin zombie (D:5)
  A wyvern zombie (D:5)
  A wight (D:8)
  A killer bee (D:8)
  4 howler monkeys
  6 electric eels
  3 hounds
  A bullfrog zombie (D:5)
  A centaur zombie (D:5)
  2 jellies
  A bombardier beetle (D:5)
  A bullfrog skeleton (D:5)
  A gnoll bouda (D:8)
  13 orc priests
  Crazy Yiuf (D:2)
  2 centaur skeletons (D:5)
  Ijyb (D:4)
  3 iguanas
  12 orc wizards
  A killer bee zombie (D:5)
  A hound zombie (D:5)
  13 adders
  13 gnolls
  A river rat (Sewer)
  2 shadow imps
  A white imp (D:6)
  6 ribbon worms
  3 dart slugs
  76 orcs
  16 ball pythons
  5 bats
  6 endoplasms
  A giant cockroach (D:4)
  11 goblins
  11 hobgoblins
  3 jackals (D:4)
  9 quokkas
  5 frilled lizards
  15 kobolds
  22 rats
717 creatures vanquished.

Vanquished Creatures (collateral kills)
  2 ghost moths (Spider:4)
  3 entropy weavers
  Erolcha (Orc:2)
  A catoblepas (Lair:5)
  A demonic crawler (Spider:1)
  A pharaoh ant (Spider:1)
  A salamander mystic (D:15)
  2 orb spiders
  A steelbarb worm (Spider:4)
  An orc sorcerer (Orc:2)
  2 meliai (D:15)
  2 wolf spiders (Spider:3)
  A kobold blastminer (Orc:2)
  2 slime creatures
  A torpor snail (Spider:4)
  A rime drake (Lair:5)
  An efreet (D:8)
  11 tarantellas
  2 culicivoras
  5 jumping spiders
  A basilisk (Lair:5)
  3 yaks
  A fire bat (Orc:2)
  9 redbacks
  A warg (Orc:2)
  An ogre (Orc:2)
  A centaur (D:8)
  A bullfrog (Lair:3)
  A gnoll sergeant (D:10)
  Dowan (D:5)
  2 howler monkeys
  A bullfrog zombie (D:5)
  3 jellies (Lair:5)
  A bullfrog skeleton (D:5)
  A hound (D:5)
  2 orc priests
  4 orc wizards
  3 gnolls (D:10)
  4 endoplasms (Lair:5)
  A kobold (D:8)
  A butterfly (Lair:5)
85 creatures vanquished.

Vanquished Creatures (others)
  A broodmother (Spider:4)
  An iguana (Lair:5)
2 creatures vanquished.

Grand Total: 804 creatures vanquished

Notes
Turn   | Place    | Note
-------+----------+-------------------------------------------
     0 | D:1      | spaghetti the Naga Chaos Knight began the quest for the
                  | Orb.
     0 | D:1      | Reached XP level 1. HP: 21/21 MP: 1/1
   101 | D:1      | XOM: silly message
   200 | D:1      | Reached XP level 2. HP: 28/28 MP: 2/2
   310 | D:1      | XOM: divination: detect creatures
   316 | D:1      | XOM: silly message
   391 | D:1      | XOM: divination: magic mapping
   617 | D:1      | XOM: divination: detect creatures
   682 | D:1      | XOM: cloud trail
   742 | D:1      | XOM: scenery: create altars
   856 | D:2      | Reached XP level 3. HP: 31/36 MP: 3/3
   868 | D:2      | XOM: divination: detect creatures
   930 | D:2      | Noticed Sigmund
   938 | D:2      | Killed Sigmund
   939 | D:2      | Reached XP level 4. HP: 18/48 MP: 4/4
   939 | D:2      | Reached XP level 5. HP: 21/55 MP: 5/5
  1164 | D:2      | XOM: scenery: summon butterflies
  1383 | D:2      | Found a runed translucent door.
  1384 | D:2      | Noticed Crazy Yiuf
  1425 | D:2      | XOM: god gift: 2 stones
  1680 | D:2      | Killed Crazy Yiuf
  1830 | D:3      | Reached XP level 6. HP: 63/63 MP: 6/6
  1834 | D:3      | Identified the +0 leather armour of Fuypef {-Tele Str+6
                  | Stlth+}
  1887 | D:3      | Reached skill level 1 in Staves
  2067 | D:3      | Got the Tome of Impurities
  2188 | D:3      | Found a glowing drain.
  2217 | Sewer    | Entered a sewer
  2384 | Sewer    | XOM: scenery: 1 doors open
  2401 | Sewer    | XOM: scenery: 1 doors close
  2435 | Sewer    | XOM: enchant monster (bad)
  2443 | Sewer    | Reached XP level 7. HP: 59/70 MP: 7/7
  2571 | Sewer    | XOM: silly message
  2790 | D:4      | Found Doropoxo's Assorted Antiques.
  2799 | D:4      | Bought a scroll labelled YTHIORA FENAA for 25 gold pieces
  2888 | D:4      | XOM: summons 4 hostile demons
  3043 | D:4      | Noticed Ijyb
  3044 | D:4      | XOM: give mutations
  3044 | D:4      | Gained mutation: You have hidden genetic potential. [Xom's
                  | mischief]
  3044 | D:4      | Gained mutation: You are agile. (Dex +4, Str/Int -1) [Xom's
                  | mischief]
  3044 | D:4      | Gained mutation: You can exhale a cloud of poison. [Xom's
                  | mischief]
  3044 | D:4      | Gained mutation: Your muscles are strong. (Str +4, Int/Dex
                  | -1) [Xom's mischief]
  3074 | D:4      | Killed Ijyb
  3129 | D:4      | Found a snail-covered altar of Cheibriados.
  3374 | D:4      | XOM: draining
  3768 | D:5      | Entered Level 5 of the Dungeon
  3823 | D:5      | Reached skill level 1 in Evocations
  3843 | D:5      | Reached XP level 8. HP: 57/76 MP: 8/8
  3935 | D:5      | Noticed Blork the orc
  3937 | D:5      | XOM: noise
  3940 | D:5      | Killed Blork the orc
  3941 | D:5      | Reached skill level 5 in Armour
  3951 | D:5      | Gained mutation: You have a pair of small horns on your
                  | head. [hidden potential]
  4089 | D:5      | Found a blossoming altar of Fedhas.
  4109 | D:5      | Noticed Dowan
  4110 | D:5      | Noticed Duvessa
  4115 | D:5      | Killed Dowan
  4118 | D:5      | Killed Duvessa
  4293 | D:5      | Found a burning altar of Makhleb.
  4320 | D:5      | Found an opulent altar of Gozag.
  4380 | D:5      | Found a shimmering altar of Xom.
  4380 | D:5      | Found a shimmering altar of Xom.
  4381 | D:5      | Found a shimmering altar of Xom.
  4382 | D:5      | Found a shimmering altar of Xom.
  4382 | D:5      | Found a shimmering altar of Xom.
  4382 | D:5      | Found a shimmering altar of Xom.
  4384 | D:5      | Found a shimmering altar of Xom.
  4863 | D:6      | XOM: give mutations
  4863 | D:6      | Gained mutation: Your magical capacity is low. (-10% MP)
                  | [Xom's mischief]
  4863 | D:6      | Lost mutation: You have hidden genetic potential. [Xom's
                  | mischief]
  4873 | D:6      | Reached skill level 5 in Evocations
  4977 | D:6      | Found a runed translucent gate.
  4977 | D:6      | Found a runed translucent gate.
  4978 | D:6      | Found a runed translucent gate.
  4979 | D:6      | Noticed a spectral unseen horror
  4993 | D:6      | Reached XP level 9. HP: 85/85 MP: 8/8
  5229 | D:6      | Found Jiluydde's General Store.
  5442 | D:6      | Noticed Jeremiah
  5465 | D:6      | Killed Jeremiah
  5618 | D:6      | Noticed a hornet
  5625 | D:6      | Killed a hornet
  5731 | D:6      | Noticed Almanac's ghost (novice DrBe)
  5777 | D:6      | XOM: silly message
  6016 | D:7      | Noticed Menkaure
  6021 | D:7      | Killed Menkaure
  6169 | D:7      | XOM: silly message
  6211 | D:7      | Found a staircase to the Ecumenical Temple.
  6336 | D:7      | Found a flagged portal.
  6346 | Bailey   | Entered a bailey
  6623 | Bailey   | Noticed an orc knight
  6724 | Bailey   | Killed an orc knight
  6724 | Bailey   | XOM: blink monster(s)
  6725 | Bailey   | Reached XP level 10. HP: 63/92 MP: 9/9
  6847 | Bailey   | Identified the +3 chain mail "Tyxonnah" {rC+ Str+3 Int+6
                  | Stlth+}
  6868 | Bailey   | Reached skill level 1 in Dodging
  7059 | Bailey   | XOM: polymorph orc warrior -> fire bat
  7292 | Bailey   | Identified the +0 helmet "Hyam" {Rampage Will+ Str+2}
  7498 | D:8      | XOM: cast spell 'Summon Hydra'
  7519 | D:8      | XOM: cloud trail
  7582 | D:8      | You fall into a shaft and drop 2 floors!
  7582 | D:10     | Entered Level 10 of the Dungeon
  7848 | D:9      | Noticed an ice dragon
  7848 | D:9      | XOM: 6-stop teleportation journey
  7849 | D:9      | XOM: summons 2 friendly demons
  7857 | D:9      | XOM: 9-stop teleportation journey
  8116 | D:9      | Found a hide-covered altar of Uskayaw.
  8173 | D:9      | XOM: summons 1 hostile demon
  8515 | D:8      | Found a sacrificial altar of Ru.
  8515 | D:8      | Found a shimmering blue altar of Sif Muna.
  8516 | D:8      | Found a hazy altar of Hepliaklqana.
  8540 | D:8      | Found a stormy altar of Qazlal.
  8637 | D:8      | Noticed a centaur warrior
  8642 | D:8      | Killed a centaur warrior
  8678 | D:8      | XOM: confusion (+ monsters)
  8704 | D:8      | Reached XP level 11. HP: 89/102 MP: 9/9
  8961 | D:9      | Identified the +5 quarterstaff of Trog's Esteem {flame,
                  | rCorr Str+5}
  8969 | D:9      | XOM: give mutations
  8969 | D:9      | Gained mutation: You are covered in fur. (AC +1) [Xom's
                  | grace]
  8969 | D:9      | Gained mutation: You are partially covered in iridescent
                  | scales. (AC +2) [Xom's grace]
  8969 | D:9      | Gained mutation: You are strong-willed. (Will+) [Xom's
                  | grace]
  8969 | D:9      | Gained mutation: You are mostly covered in iridescent
                  | scales. (AC +4) [Xom's grace]
  9106 | D:9      | XOM: scenery: create altars
  9200 | D:9      | Killed an ice dragon
  9371 | D:9      | XOM: god gift: staff of death
  9614 | D:9      | XOM: 2-stop teleportation journey
  9736 | D:10     | Noticed a two-headed ogre
  9741 | D:10     | XOM: god gift: javelin
  9746 | D:10     | XOM: summons 6 friendly demons
  9749 | D:10     | Killed a two-headed ogre
  9778 | D:10     | XOM: divination: magic mapping
  9816 | D:10     | XOM: give mutations
  9816 | D:10     | Gained mutation: You are robust. (+10% HP) [Xom's grace]
  9816 | D:10     | Gained mutation: You have a pair of horns on your head.
                  | [Xom's grace]
  9816 | D:10     | Gained mutation: Your tail ends in a venomous barb. [Xom's
                  | grace]
  9953 | D:10     | Identified the +6 quarterstaff of Dim Light {flame, +Blink}
  9965 | D:10     | Noticed a two-headed ogre
  9969 | D:10     | Killed a two-headed ogre
  9985 | D:10     | Lost mutation: Your tail ends in a venomous barb. [potion
                  | of mutation]
  9985 | D:10     | Lost mutation: You are strong-willed. (Will+) [potion of
                  | mutation]
  9985 | D:10     | Lost mutation: Your magical capacity is low. (-10% MP)
                  | [potion of mutation]
  9985 | D:10     | Gained mutation: Your tail ends in a venomous barb. [potion
                  | of mutation]
 10207 | D:10     | Noticed a death yak
 10208 | D:10     | XOM: cast spell 'Metabolic Englaciation'
 10209 | D:10     | Noticed a death yak
 10209 | D:10     | Noticed a death yak
 10209 | D:10     | Noticed a death yak
 10209 | D:10     | Noticed a death yak
 10210 | D:10     | Noticed a death yak
 10210 | D:10     | Noticed a death yak
 10210 | D:10     | Noticed a death yak
 10211 | D:10     | Noticed a death yak
 10213 | D:10     | Noticed a death yak
 10216 | D:10     | Killed a death yak
 10377 | D:9      | XOM: give mutation
 10377 | D:9      | Gained mutation: Your muscles are very strong. (Str +8,
                  | Int/Dex -2) [Xom's grace]
 10442 | D:11     | Learned a level 3 spell: Swiftness
 10575 | D:11     | XOM: summons 1 hostile shadow creature
 10621 | D:11     | Reached skill level 5 in Dodging
 10623 | D:11     | Reached skill level 1 in Air Magic
 10743 | D:11     | XOM: divination: magic mapping
 10921 | D:11     | XOM: destruction
 11166 | D:11     | Noticed Psyche
 11169 | D:11     | Killed Psyche
 11210 | D:11     | Noticed a two-headed ogre
 11217 | D:11     | Killed a two-headed ogre
 11218 | D:11     | Reached skill level 10 in Armour
 11435 | D:11     | Noticed a skeletal warrior
 11435 | D:11     | Noticed a skeletal warrior
 11450 | D:11     | Killed a skeletal warrior
 11513 | D:11     | XOM: divination: magic mapping
 11556 | D:11     | Noticed a skeletal warrior
 11557 | D:11     | Noticed a skeletal warrior
 11557 | D:11     | Noticed a skeletal warrior
 11565 | D:11     | XOM: potion effect (haste)
 11572 | D:11     | Killed a skeletal warrior
 11573 | D:11     | Reached XP level 12. HP: 85/126 MP: 12/12
 11637 | D:11     | XOM: divination: magic mapping
 11668 | D:11     | XOM is BORED!
 11668 | D:11     | XOM: summons 7 hostile demons
 11680 | D:11     | XOM: smoke on damage
 11938 | D:10     | XOM: scenery: create altars
 12031 | D:11     | XOM: 2-stop teleportation journey
 12062 | D:12     | Found a staircase to the Orcish Mines.
 12062 | D:12     | Found Honif's Armour Shoppe.
 12064 | D:12     | Found Loessoam's Weapon Shoppe.
 12074 | D:12     | Reached skill level 10 in Fighting
 12301 | D:10     | Killed a death yak
 12301 | D:10     | Killed a death yak
 12302 | D:10     | Killed a death yak
 12302 | D:10     | Killed a death yak
 12303 | D:10     | Reached skill level 5 in Air Magic
 12303 | D:10     | Killed a death yak
 12304 | D:10     | Killed a death yak
 12311 | D:10     | XOM: divination: magic mapping
 12312 | D:10     | XOM: summons 2 friendly demons
 12314 | D:10     | Killed a death yak
 12325 | D:10     | Killed a death yak
 12328 | D:10     | Killed a death yak
 12328 | D:10     | XOM: cleaving
 12332 | D:10     | XOM: polymorph yak -> yak
 12424 | D:10     | XOM: give mutations
 12424 | D:10     | Gained mutation: You passively map a small area around you.
                  | [Xom's grace]
 12424 | D:10     | Gained mutation: Your flesh is cold resistant. (rC+) [Xom's
                  | grace]
 12535 | D:10     | XOM is BORED!
 12554 | D:10     | Found a staircase to the Lair.
 12584 | Lair:1   | Entered Level 1 of the Lair of Beasts
 12674 | Lair:1   | XOM: divination: magic mapping
 12681 | Lair:1   | XOM: snakes to sticks
 12693 | Lair:1   | Gained mutation: You can use your snake-like lower body to
                  | constrict enemies. [Naga growth]
 12693 | Lair:1   | Reached XP level 13. HP: 69/135 MP: 13/13
 12860 | Lair:1   | XOM: scenery: 1 doors open
 12883 | Lair:1   | XOM: polymorph yak -> centaur
 12891 | Lair:1   | Reached skill level 1 in Necromancy
 13205 | Lair:1   | XOM: cloud trail
 13255 | Lair:1   | Reached skill level 2 in Necromancy
 13302 | Lair:1   | XOM: polymorph black mamba -> two-headed ogre
 13306 | Lair:1   | Reached skill level 3 in Necromancy
 13462 | Lair:1   | XOM: confusion
 13466 | Lair:1   | XOM: swap monsters
 13484 | Lair:1   | Reached skill level 4 in Necromancy
 14125 | Lair:2   | Found a hole to the Spider Nest.
 14131 | Lair:2   | XOM: noise
 14240 | Lair:2   | XOM: blink monster(s)
 14380 | Lair:2   | Reached skill level 5 in Necromancy
 14509 | Lair:2   | Reached skill level 10 in Dodging
 14691 | Lair:2   | XOM: 1-stop teleportation journey
 14728 | Lair:2   | Learned a level 6 spell: Death Channel
 14764 | Lair:2   | XOM: polymorph polar bear -> ribbon worm
 14798 | Lair:2   | XOM: enchant monster (good)
 14807 | Lair:2   | Reached skill level 6 in Necromancy
 14840 | Lair:2   | XOM: cloud trail
 14913 | Lair:2   | XOM: god gift: 674 gold pieces
 15406 | D:4      | Bought a potion of haste for 250 gold pieces
 15406 | D:4      | Bought a potion of curing for 75 gold pieces
 15406 | D:4      | Bought a wand of acid (8) for 840 gold pieces
 15534 | D:8      | XOM: god gift: wand of roots (5)
 15658 | D:12     | Bought a +0 pair of gloves for 58 gold pieces
 15702 | D:12     | XOM: confuse monster(s)
 16012 | D:12     | Reached skill level 7 in Necromancy
 16014 | D:12     | XOM: divination: magic mapping
 16315 | D:12     | XOM: summons friendly white imp
 16469 | D:12     | Reached skill level 8 in Necromancy
 16687 | D:13     | XOM: summons 2 hostile demons
 16749 | D:13     | XOM: cast spell 'Summon Horrible Things'
 16789 | D:13     | XOM: enchant monster (good)
 16803 | D:13     | Reached skill level 9 in Necromancy
 16832 | D:13     | XOM: god gift: ring of magical power
 17054 | D:13     | XOM: confuse monster(s)
 17059 | D:13     | Reached XP level 14. HP: 145/145 MP: 14/14
 17515 | D:13     | XOM: summons 8 hostile demons
 17875 | Lair:2   | XOM is BORED!
 17875 | Lair:2   | XOM: draining
 18167 | Lair:3   | Reached skill level 10 in Necromancy
 18220 | Lair:3   | XOM: 1-stop teleportation journey
 18250 | Lair:3   | XOM: enchant monster (good)
 18471 | Lair:3   | XOM: god gift: 32 gold pieces
 18524 | Lair:3   | XOM: god gift: wand of roots (6)
 18525 | Lair:3   | XOM: god gift: potion of cancellation
 19163 | Lair:3   | Found a blossoming altar of Fedhas.
 19192 | Lair:3   | XOM: cloud trail
 19223 | Lair:3   | XOM: give mutations
 19223 | Lair:3   | Gained mutation: Your spells are a little harder to cast,
                  | but a little more powerful. [Xom's grace]
 19223 | Lair:3   | Gained mutation: Your natural rate of healing is unusually
                  | fast. [Xom's grace]
 19223 | Lair:3   | Gained mutation: You are very agile. (Dex +8, Str/Int -2)
                  | [Xom's grace]
 19237 | Lair:3   | XOM: god gift: 4 stones
 19250 | Lair:3   | XOM: give mutation
 19250 | Lair:3   | Gained mutation: Your spells are harder to cast, but more
                  | powerful. [Xom's grace]
 19262 | Lair:3   | Reached skill level 11 in Necromancy
 19347 | Lair:3   | Found a staircase to the Shoals.
 19347 | Lair:3   | XOM: 4-stop teleportation journey
 19839 | Lair:4   | XOM: destruction
 19844 | Lair:4   | XOM: divination: magic mapping
 19902 | Lair:4   | XOM: silly message
 19967 | Lair:4   | XOM: swap monsters
 19972 | Lair:4   | XOM: scenery: summon butterflies
 19990 | Lair:4   | Reached skill level 12 in Necromancy
 20072 | Lair:4   | XOM: scenery: summon butterflies
 20114 | Lair:4   | XOM: chaos cloud
 20116 | Lair:4   | XOM: cast spell 'Fugue of the Fallen'
 20120 | Lair:4   | XOM: smoke on damage
 20186 | Lair:4   | XOM: summons 2 friendly demons
 20190 | Lair:4   | XOM: divination: detect items
 20200 | Lair:4   | XOM: cloud trail
 20418 | Lair:4   | Reached skill level 13 in Necromancy
 20429 | Lair:4   | XOM: divination: magic mapping
 20666 | Lair:4   | Learned a level 4 spell: Dispel Undead
 20973 | Lair:4   | XOM: noise
 20980 | Lair:5   | Entered Level 5 of the Lair of Beasts
 21059 | Lair:5   | XOM: give mutations
 21059 | Lair:5   | Gained mutation: You are completely covered in iridescent
                  | scales. (AC +6) [Xom's grace]
 21059 | Lair:5   | Gained mutation: You are strong-willed. (Will+) [Xom's
                  | grace]
 21059 | Lair:5   | Gained mutation: You have hidden genetic potential. [Xom's
                  | grace]
 21063 | Lair:5   | Reached skill level 1 in Spellcasting
 21169 | Lair:5   | XOM: potion effect (attraction)
 21172 | Lair:5   | XOM: potion effect (experience)
 21172 | Lair:5   | Reached skill level 14 in Necromancy
 21172 | Lair:5   | Reached XP level 15. HP: 151/151 MP: 16/21
 21190 | Lair:5   | Found a staircase to the Slime Pits.
 21196 | Lair:5   | Learned a level 4 spell: Martyr's Knell
 21213 | Lair:5   | XOM: silly message
 21390 | Lair:5   | Reached XP level 16. HP: 149/160 MP: 17/23
 21779 | Lair:5   | Reached skill level 5 in Spellcasting
 22378 | Lair:5   | Reached skill level 15 in Necromancy
 22417 | Lair:5   | XOM: confuse monster(s)
 22421 | Lair:5   | XOM: summons friendly quasit
 22426 | Lair:5   | XOM: divination: detect items
 22868 | D:14     | XOM: god gift: scroll of fear
 22881 | D:14     | Found a gate to the Vaults.
 22927 | D:14     | XOM: enchant monster (good)
 22929 | D:14     | XOM: confuse monster(s)
 22978 | D:14     | XOM: cloud trail
 23032 | D:14     | XOM: divination: detect creatures
 23198 | D:14     | Found a shadowy altar of Dithmenos.
 23214 | D:14     | Identified the +2 dagger "Qyviury" {heavy, rF+ rC+ Int+4
                  | SInv}
 23308 | D:14     | Got Sif Muna's Atlas of Austromancy and Imprecation
 23360 | D:14     | Found a snail-covered altar of Cheibriados.
 23569 | D:14     | XOM: silly message
 23694 | D:15     | Entered Level 15 of the Dungeon
 23705 | D:15     | XOM: silly message
 24015 | D:15     | Found a staircase to the Depths.
 24096 | D:15     | Gained mutation: You possess an exceptional clarity of
                  | mind. [hidden potential]
 24410 | D:15     | XOM: potion effect (brilliance)
 24653 | D:15     | XOM: divination: detect creatures
 24779 | Orc:1    | Entered Level 1 of the Orcish Mines
 24844 | Orc:1    | XOM: god gift: ring mail {god gift}
 24982 | Orc:1    | XOM: god gift: Xom's Compendium of the Armadillo {god gift}
 24983 | Orc:1    | Got Xom's Compendium of the Armadillo {god gift}
 24988 | Orc:1    | Learned a level 3 spell: Call Canine Familiar
 25015 | Orc:2    | Entered Level 2 of the Orcish Mines
 25090 | Orc:2    | Noticed Rupert
 25095 | Orc:2    | Killed Rupert
 25110 | Orc:2    | Reached skill level 1 in Summonings
 25234 | Orc:2    | Found a staircase to the Elven Halls.
 25237 | Orc:2    | Noticed Erolcha
 25243 | Orc:2    | Killed Erolcha
 25371 | Orc:2    | Found a dark tunnel.
 25502 | Orc:2    | XOM: noise
 25513 | Orc:2    | XOM: cast spell 'Summon Cactus Giant'
 25615 | Orc:2    | Found Sewomysch's Weapon Shoppe.
 25629 | Orc:2    | XOM: enchant monster (good)
 25636 | Orc:2    | XOM: fog
 25657 | Orc:2    | Reached skill level 16 in Necromancy
 25750 | Orc:2    | Found Zylestec's General Store.
 25762 | Orc:2    | Found Tallenn's Antique Weapon Boutique.
 25764 | Orc:2    | Found Oloqi's General Store.
 25764 | Orc:2    | XOM: 1-stop teleportation journey
 25843 | Orc:2    | Noticed Maurice
 25850 | Orc:2    | Killed Maurice
 25868 | Orc:2    | XOM: divination: detect creatures
 25963 | Orc:2    | Bought a potion of heal wounds for 75 gold pieces
 25963 | Orc:2    | Bought a wand of charming (2) for 72 gold pieces
 26153 | Lair:1   | XOM: scenery: 2 fountains blood, 2 doors open, 1 doors
                  | close
 26160 | Lair:1   | Learned a level 5 spell: Summon Mana Viper
 26170 | Lair:1   | XOM: god gift: wand of roots (4)
 26247 | Spider:1 | Entered Level 1 of the Spider Nest
 26346 | Spider:1 | Reached skill level 1 in Hexes
 26401 | Spider:1 | XOM: 3-stop teleportation journey
 26508 | Spider:1 | XOM: scenery: create altars
 26515 | Spider:1 | XOM: smoke on damage
 26856 | Spider:1 | XOM: cast spell 'Summon Mana Viper'
 26864 | Spider:1 | Reached XP level 17. HP: 152/159 MP: 23/29
 26945 | Spider:1 | XOM: cast spell 'Chain of Chaos'
 27017 | Spider:1 | XOM: blink monster(s)
 27037 | Spider:1 | Lost mutation: You possess an exceptional clarity of mind.
                  | [mutagenic glow]
 27119 | Spider:1 | You fall into a shaft and drop 1 floor!
 27175 | Spider:1 | XOM: 2-stop teleportation journey
 27496 | Lair:2   | XOM: divination: detect creatures
 27722 | Temple   | Entered the Ecumenical Temple
 27729 | Temple   | Fell from the grace of Xom
 27729 | Temple   | Became a worshipper of Kikubaaqudgha
 28104 | Spider:2 | Reached * piety under Kikubaaqudgha
 28104 | Spider:2 | Received a gift from Kikubaaqudgha
 28117 | Spider:2 | Learned a level 3 spell: Fugue of the Fallen
 28344 | Spider:2 | XOM: scenery: summon butterflies
 28496 | Spider:2 | Reached skill level 5 in Summonings
 28941 | Spider:3 | Gained mutation: Your tail ends in a sharp venomous barb.
                  | [hidden potential]
 28941 | Spider:3 | Lost mutation: You have hidden genetic potential. [hidden
                  | potential expressed]
 29159 | Spider:3 | Reached ** piety under Kikubaaqudgha
 29342 | Spider:3 | Identified the +4 flail "Toowoti" {speed, rC+ Str+4 Dex+3}
 29474 | Spider:4 | Entered Level 4 of the Spider Nest
 29954 | Spider:4 | Blown up by an orb spider

Illustrated notes

Levels and vault maps discovered:
D:1:      lightli_arrival_statue_moat, layout_loops_ring
D:2:      layout_loops_ring, hangedman_decor_clover_reticule,
          uniq_crazy_yiuf_cottage, uniq_sigmund
D:3:      minmay_wonky_spiral, layout_rooms, cheibrodos_sewer_entry_bend
D:4:      layout_basic, kennysheep_mini_moat, serial_shops,
          nicolae_shop_tiny_statue_garden, roderic_roman_lattice,
          dreamdust_princess_corridor, uniq_ijyb
D:5:      layout_loops_ring, kennysheep_mini, xom_redecorated,
          mainiacjoe_overflow_brackets, lemuel_round_altar, serial_undead,
          serial_undead_d, serial_undead_f, serial_undead_d, serial_undead_c,
          serial_undead_b, solitary_fountain, saegor_snake_ambush, uniq_duvessa,
          uniq_blork_the_orc
D:6:      layout_loops_ring, gammafunk_ghost_necromancy, serial_shops,
          nicolae_take_the_stairs, uniq_jeremiah
D:7:      layout_basic, minmay_temple_entry_overgrown, enter_bailey_4,
          uniq_menkaure
D:8:      minmay_opposing_rooms, layout_loops_ring,
          nicolae_overflow_quartered_altars
D:9:      dragon1_lemuel, layout_grid_maze, eat_drink_and_be_merry_uskayaw
D:10:     layout_basic, dpeg_lair_monsters
D:11:     layout_roguey, serial_curves, eino_curves_01, eino_curves_01,
          minmay_misc_feat_columns, uniq_psyche
D:12:     layout_basic, orc_david_3
D:13:     layout_roguey, gauntlet_entry_generic, portal_ice_cave_rime,
          fungi_pond_lemuel
D:14:     layout_long_grid, erik_vaults_1, nicolae_dithmenos_the_darkroom,
          hangedman_abyss_or_decor_slice, slow_altar_2
D:15:     hangedman_depths_entry_try_elsewhere_first, layout_irregular_city,
          patterned_corridor
Temple:   nicolae_temple_x_marks_the_god
Lair:1:   layout_regular_city, serial_bayou_shore_a, grunt_megastairs_1,
          lemuel_fruit_tree, lemuel_fruit_fields
Lair:2:   layout_cave_pods, spider_nest_entry_webs, minivault_23, ldierk_geyser,
          infiniplex_staircase_pool
Lair:3:   statuecave_lemuel, layout_misc_corridors, nicolae_shoals_entry_roost,
          hangedman_tree_tricks, minivault_24, dreamdust_mushroom_princess,
          serial_bayou_shore_b
Lair:4:   hellmonk_destroyed_diamonds, layout_cave_pods, beast_lair_carwin_11,
          serial_bayou_shore_b, infiniplex_staircase_pool_2
Lair:5:   hangedman_lair_in_review, layout_layer_cave, guppyfry_lair_end_dragon,
          nicolae_slime_entry_slimehenge, lemuel_fruit_fields
Spider:1: layout_cave_pods, hangedman_spider_tarantella_strand
Spider:2: layout_spider_delve
Spider:3: layout_cave_pods
Spider:4: spider_rune_water
Orc:1:    layout_diamond_mine, basic_altar, uniq_snorg
Orc:2:    st_orc_elflike, layout_caves, nicolae_volcano_entry_batcave,
          david_defended_altar_orc, uniq_rupert, uniq_erolcha, uniq_maurice

Skill      XL: |  1  2  3  4  5  6  7  8  9 10 11 12 13 14 15 16 17 |
---------------+----------------------------------------------------+-----
Fighting       | 4 6 7 9 10 | 10.8
Staves         | 2 |  2.2
Armour         | 3 4 6 8 9 10 | 10.6
Evocations     | 2 5 8 9 |  9.0
Dodging        | 3 5 8 10 | 10.5
Air Magic      | 3 7 |  7.1
Necromancy     | 9 14 16 | 16.6
Spellcasting   | 4 8 9 |  9.4
Summonings     | 4 5 |  5.8
Hexes          | 2 4 |  4.4
Polearms       | |  3.0

Action                     |  1- 3 |  4- 6 |  7- 9 | 10-12 | 13-15 | 16-18 || total
---------------------------+-------+-------+-------+-------+-------+-------++-------
  Melee: Spear             |    79 |    26 |       |       |       |       ||   105
         Quarterstaff      |       |   106 |   213 |   133 |   677 |   628 ||  1757
         Headbutt          |       |       |    15 |    57 |   233 |   251 ||   556
         Trident           |       |       |    59 |   178 |       |       ||   237
         Punch             |       |       |       |     3 |       |       ||     3
         Constrict         |       |       |       |       |   129 |   164 ||   293
   Cast: Death Channel     |       |       |       |       |     1 |    38 ||    39
         Martyr's Knell    |       |       |       |       |       |    19 ||    19
         Call Canine Famil |       |       |       |       |       |     2 ||     2
         Fugue of the Fall |       |       |       |       |       |     2 ||     2
 Invoke: Unearth Wretches  |       |       |       |       |       |     1 ||     1
Ability: Spit Poison       |       |     1 |       |       |       |       ||     1
         Breathe Poison Ga |       |       |     9 |    15 |    18 |    40 ||    82
         Evoke Blink       |       |       |       |     2 |       |       ||     2
  Evoke: Wand              |       |       |       |    28 |     4 |    12 ||    44
    Use: Scroll            |     2 |     4 |    10 |     6 |     3 |     3 ||    28
         Potion            |     2 |     2 |     5 |    14 |     4 |    11 ||    38
   Stab: Sleeping          |       |     2 |    10 |       |       |       ||    12
         Distracted        |       |       |     1 |       |       |     3 ||     4
         Invisible         |       |       |       |     2 |       |       ||     2
         Paralysed         |       |       |       |       |     3 |       ||     3
         Petrified         |       |       |       |       |     2 |       ||     2
         Confused          |       |       |       |       |       |     1 ||     1
 Armour: Leather armour    |    46 |   129 |   252 |    28 |       |       ||   455
         Chain mail        |       |       |       |   451 |  1141 |   978 ||  2570
         Skin              |       |       |       |    18 |       |       ||    18
  Dodge: Dodged            |    35 |    83 |   100 |   128 |   487 |   379 ||  1212
